 Dungeon Crawl Stone Soup version 0.28-a0-563-gf77a47075d (webtiles) character file.

Game seed: 5708902018183103487

86 flotson the Sneak (level 4, -2/37 HPs)
             Began as a Demonspawn Delver on Sept 30, 2021.
             Slain by a goblin (3 damage)
             ... led by Robin
             ... on level 2 of the Dungeon.
             The game lasted 00:05:48 (2612 turns).

flotson the Sneak (Demonspawn Delver)               Turns: 2612, Time: 00:05:49

Health: -2/37      AC:  7    Str: 13    XL:     4   Next: 26%
Magic:  4/4        EV: 12    Int: 12    God:
Gold:   113        SH:  0    Dex: 14    Spells: 3/3 levels left

rFire   . . .      SeeInvis .   h - +0 trident
rCold   . . .      Faith    .   (no shield)
rNeg    . . .      Spirit   .   b - +0 leather armour
rPois   .          Reflect  .   r - +2 helmet
rElec   .          Harm     .   (no cloak)
rCorr   .          Rampage  .   j - +0 pair of gloves
Will    +....                   (no boots)
Stlth   ++........              (no amulet)
HPRegen 0.12/turn               k - ring of willpower
MPRegen 0.09/turn               (no ring)

@: no status effects
A: claws 1, demonic magic 1
a: no special abilities


You were on level 2 of the Dungeon.
You visited 1 branch of the dungeon, and saw 5 of its levels.

You collected 113 gold pieces.

Inventory:

Hand Weapons
 a - a +0 hand axe
 h - a +0 trident (weapon)
Missiles
 e - 2 throwing nets (quivered)
Armour
 b - a +0 leather armour (worn)
 j - a +0 pair of gloves (worn)
 r - a +2 helmet (worn)
Jewellery
 f - a ring of flight
 k - a ring of willpower (left hand)
Wands
 g - a wand of digging (3)
Scrolls
 c - a scroll of fog
 d - a scroll of teleportation {unknown}
 m - 2 scrolls of torment {unknown}
 p - 2 scrolls of identify {unknown}
 q - a scroll of fear
Potions
 i - a potion of haste
 l - a potion of heal wounds {unknown}
 n - a potion of magic {unknown}
 o - a potion of curing {unknown}


   Skills:
 + Level 3.6 Fighting
 + Level 2.5 Axes
 + Level 1.4 Armour
 + Level 2.5 Dodging
 - Level 4.5 Stealth


You had 3 spell levels left.
You didn't know any spells.
Your spell library contained the following spells:

 Spells                   Type           Power      Damage    Failure   Level
 Pain                     Necr           0%         1d4       38%         1
 Ensorcelled Hibernation  Hex/Ice        0%         N/A       54%         2
 Tukima's Dance           Hex            0%         N/A       77%         3
 Agony                    Necr           0%         N/A       100%        5
 Excruciating Wounds      Necr           0%         N/A       100%        5


Dungeon Overview and Level Annotations

Branches:
Dungeon (5/15)             Temple (0/1) D:5

Altars:
Uskayaw
Wu Jian

Shops:
D:4 [

Annotations:
D:3 1 transporter
D:5 Pikel


Innate Abilities, Weirdness & Mutations

You have sharp fingernails.
Spells you cast may paralyse adjacent enemies.


Message History

Found a stone staircase leading up.
Found a gnarled jewelled staff.
There is a stone staircase leading up here.
You see here a staff of conjuration.
You see here a staff of conjuration.
There is a stone staircase leading up here.
A goblin is nearby!
No target in view!
No target in view!
No target in view!
No target in view!
No target in view!
No target in view!
A goblin is nearby!
You reach to attack!
You barely miss the goblin.
The goblin shouts!
You hit the goblin.
The goblin is severely wounded.
The goblin hits you but does no damage. Space bends around you.
The goblin hits you with a +2 dagger of distortion.
Space bends around you.
You closely miss the goblin.
The goblin is heavily wounded.
The goblin hits you but does no damage. Space warps horribly around you!!
Ouch! That really hurt!
* * * LOW HITPOINT WARNING * * *
You are too injured to fight recklessly!
You are too injured to fight recklessly!
You are too injured to fight recklessly!
You are too injured to fight recklessly!
You are too injured to fight recklessly!
You are too injured to fight recklessly!
You are too injured to fight recklessly!
Throw: 3 throwing nets
Press: ? - help, Q - select action Shift-Dir - straight line, f/p - goblin
Aim: a goblin, wielding a +2 dagger of distortion (heavily wounded, 51% to hit)
You throw a throwing net.
The throwing net barely misses the goblin.
The goblin hits you with a +2 dagger of distortion.
You die...

#......# #.#### #.#
###.##.# #....# #.#
##.#.#.########.#
#.# ##.###.....>.#
#.# #.# #.##
##.####.###.## #.#
.## ##.#
#.##...######.#
#.## ##.##
#....#........#
##.###.##
####.g.########
##.#.## ##@## ###
#..###### #.#
##.#### #.......#
##.###### #......
#######.#
#.......######.####
#.#
#..####...>>.....#
#.# #..#
#........#.# #.#
#..# ###.#######.#
#.# #..# #.....#
#.# #(#
#..###.....#####.##


You could see a goblin.

Vanquished Creatures
  Robin (D:2)
  2 adders (D:2)
  A worm (D:2)
  A dart slug (D:1)
  3 ball pythons
  A bat (D:1)
  5 endoplasms (D:1)
  3 giant cockroaches
  12 goblins
  A hobgoblin (D:1)
  5 jackals (D:1)
  4 kobolds
  A quokka (D:1)
  3 frilled lizards
  5 rats
48 creatures vanquished.

Notes
Turn   | Place    | Note
-------+----------+-------------------------------------------
     0 | D:5      | flotson the Demonspawn Delver began the quest for the Orb.
     0 | D:5      | Reached XP level 1. HP: 18/18 MP: 1/1
     9 | D:5      | Noticed a lemure
    13 | D:5      | Noticed Pikel
    14 | D:5      | Noticed a lemure
    24 | D:5      | Noticed a jelly
    25 | D:5      | Noticed a jelly
    29 | D:5      | Noticed a water moccasin
    43 | D:4      | Noticed an iguana
    61 | D:4      | Noticed a hound
    81 | D:4      | Noticed a water moccasin zombie
   116 | D:4      | Found Mawnaj's Armour Shoppe.
   125 | D:4      | Noticed a phantom
   127 | D:4      | Noticed a necrophage
   330 | D:3      | Found a transporter.
   339 | D:3      | Found an ornate altar of the Wu Jian Council.
   349 | D:3      | Found a hide-covered altar of Uskayaw.
   465 | D:3      | Noticed an orc priest
   592 | D:2      | Noticed Robin
   921 | D:1      | Gained mutation: You have sharp fingernails. [demonic
                  | ancestry]
   921 | D:1      | Reached XP level 2. HP: 24/24 MP: 2/2
  1241 | D:1      | Found a faded altar of an unknown god.
  1410 | D:1      | Reached skill level 1 in Armour
  1429 | D:1      | Reached XP level 3. HP: 29/29 MP: 3/3
  2163 | D:2      | Killed Robin
  2196 | D:2      | Gained mutation: Spells you cast may paralyse adjacent
                  | enemies. [demonic ancestry]
  2196 | D:2      | Reached XP level 4. HP: 25/36 MP: 4/4
  2611 | D:2      | HP: 1/37 [goblin[Robin] (23)]
  2612 | D:2      | Slain by a goblin

Illustrated notes

Levels and vault maps discovered:
D:1:      onia_arrival_mini_spirals, layout_basic,
          hellmonk_ecumenical_altar_slurped_away, interstate_on_off,
          chequers_serial_rivers_micro_b
D:2:      layout_loops_ring, uniq_robin
D:3:      gammafunk_wand_slinger, layout_loops_corners,
          mainiacjoe_overflow_catwalk_spiral, kennysheep_generic_room_14,
          uniq_crazy_yiuf_cottage
D:4:      layout_loops_corners, serial_undead, serial_undead_d, serial_undead_d,
          serial_undead_a, serial_undead_a, serial_undead_e, serial_undead_d,
          serial_shops, shop
D:5:      layout_basic, minmay_temple_entry_glass, uniq_pikel

Skill      XL: |  1  2 |
---------------+-------+-----
Axes           | 2 |  2.5
Dodging        | 2 |  2.5
Armour         | 1 |  1.4
Fighting       | |  3.6
Stealth        | |  4.5

Action                   |  1- 3 |  4- 6 || total
-------------------------+-------+-------++-------
Melee: Trident           |   115 |    19 ||   134
Throw: Throwing net      |       |     1 ||     1
  Use: Scroll            |     2 |       ||     2
       Potion            |     1 |       ||     1
 Stab: Sleeping          |    13 |     2 ||    15
       Distracted        |     2 |     2 ||     4
Armor: Leather armour    |    31 |     5 ||    36
Dodge: Dodged            |    57 |     1 ||    58

Table legend: (Time is in decaauts)
 A = Elapsed time spent in this place.
 B = Non-inter-level travel time spent in this place.
 C = Inter-level travel time spent in this place.
 D = Time resting spent in this place.
 E = Time spent auto-exploring this place.
 F = Levels seen in this place.
 G = Mean time per level.
                   A        B        C        D        E       F      G
               +--------+--------+--------+--------+--------+-----+--------+
         Total |   2629 |   2572 |     57 |    190 |   1632 |   5 |  525.8 |
       Dungeon |   2629 |   2572 |     57 |    190 |   1632 |   5 |  525.8 |
               +--------+--------+--------+--------+--------+-----+--------+

Top non-repeatable levels by time:
     D:2: 1045 daAuts
     D:1: 1044 daAuts
     D:3: 417 daAuts
     D:4: 88 daAuts
     D:5: 33 daAuts
